 Dungeon Crawl Stone Soup version 0.19.0-22-gd96e5fe (webtiles) character file.

34206 Vasilisck the Fighter (level 13, -16/122 HPs)
             Began as a Hill Orc Fighter on Nov 19, 2016.
             Was a High Priest of Yredelemnul.
             Killed from afar by a lindwurm (23 damage)
             ... with a blast of flame
             ... summoned by Kirke
             ... on level 5 of the Lair of Beasts.
             The game lasted 01:01:46 (19906 turns).

Vasilisck the Fighter (Hill Orc Fighter)           Turns: 19906, Time: 01:01:49

Health: -16/122    AC:  0    Str: 24    XL:     13   Next: 75%
Magic:  21/21      EV: 13    Int:  8    God:    Yredelemnul [*****.]
Gold:   1820       SH:  0    Dex: 10    Spells: 0 memorised, 12 levels left

rFire  . . .     SeeInvis .     (weapon currently unavailable)
rCold  . . .     Gourm    .     (armour currently unavailable)
rNeg   . . .     Faith    .     (shield currently unavailable)
rPois  .         Spirit   .     (helmet currently unavailable)
rElec  .         Reflect  .     (cloak currently unavailable)
rCorr  .         Harm     .     (gloves currently unavailable)
MR     .....     Clarity  +     (boots currently unavailable)
Stlth  +.........               j - amulet of regeneration
                                (ring currently unavailable)
                                (ring currently unavailable)

@: pig-form, very quick
A: clarity
a: Recall Undead Slaves, Injury Mirror, Animate Dead, Drain Life, Enslave Soul,
Renounce Religion


You were on level 5 of the Lair of Beasts.
You worshipped Yredelemnul.
Yredelemnul was extremely pleased with you.
You were very hungry.
You were a filthy swine.
You visited 4 branches of the dungeon, and saw 19 of its levels.
You also visited: Ossuary and Ice Cave.

You collected 1820 gold pieces.

Inventory:

Hand Weapons
 Y - a +0 vampiric spear (melded)
Armour
 a - the +0 pair of boots of the Guardian (melded) {*Slow +Fly rC+ Dex+4}
   (You acquired it on level 1 of the Lair of Beasts)

   It affects your dexterity (+4).
   It protects you from cold.
   It lets you fly.
   It may slow you when you take damage.
 c - a +3 shield (melded)
 l - the +6 scale mail of the Desolation of Salt (melded) {MR+ rCorr}
   (You found it on level 12 of the Dungeon)

   It affects your resistance to hostile enchantments.
   It protects you from acid and corrosion.
 n - a +0 hat (melded)
 H - a +2 cloak of invisibility (melded)
Jewellery
 g - the ring of Absolutism (melded) {Ice Str+4}
   (You found it in an ice cave)

   [ring of ice]

   It enhances your ice magic.
   It affects your strength (+4).
   It makes you vulnerable to fire.
   It protects you from cold.
 i - an uncursed amulet of harm
 j - an amulet of regeneration (around neck)
 k - a cursed ring of teleportation
 m - an uncursed ring of wizardry
 q - an uncursed ring of protection from magic
 r - an uncursed ring of ice
 u - a +4 ring of protection (melded)
 x - a +5 ring of dexterity
Wands
 v - a wand of paralysis (6/24)
 y - a wand of acid (0/15)
 D - a wand of flame (31/48)
 E - a wand of digging (7/24)
 I - a wand of digging (10/24)
 N - a wand of iceblast (10/15)
 T - a wand of disintegration (0/24)
Scrolls
 b - a scroll of amnesia
 s - a scroll of recharging
 t - 2 scrolls of teleportation
 B - 9 scrolls of identify
 C - a scroll of enchant weapon
 L - a scroll of fear
 M - a scroll of enchant armour
 S - 4 scrolls of remove curse
Potions
 d - 5 potions of magic
 e - 2 potions of brilliance
 o - 4 potions of flight
 p - 5 potions of heal wounds
 z - 2 potions of curing
 G - a potion of might
 K - a potion of agility
Books
 w - a book of Air

   Spells                             Type                      Level
   a - Shock                          Conjuration/Air              1
   b - Swiftness                      Charms/Air                   2
   c - Repel Missiles                 Charms/Air                   2
   d - Static Discharge               Conjuration/Air              3
   e - Lightning Bolt                 Conjuration/Air              5
 X - a book of Changes

   Spells                             Type                      Level
   a - Beastly Appendage              Transmutation                1
   b - Sticks to Snakes               Transmutation                2
   c - Spider Form                    Transmutation/Poison         3
   d - Ice Form                       Ice/Transmutation            4
   e - Blade Hands                    Transmutation                5
Miscellaneous
 F - a phial of floods
Comestibles
 f - 2 bread rations
 h - 8 meat rations
 A - 2 fruits
 J - a beef jerky


   Skills:
 + Level 13.2 Fighting
 + Level 12.1 Polearms
 + Level 12.1 Armour
 + Level 11.9 Shields
 - Level 11.1 Invocations


You had 12 spell levels left.
You didn't know any spells.

Dungeon Overview and Level Annotations

Branches:
Dungeon (12/15)            Temple (1/1) D:4            Lair (5/6) D:11
  Swamp (0/4) Lair:3        Snake (0/4) Lair:2          Orc (1/2) D:12
  Slime: Lair:5-6

Altars:
Ashenzari
Cheibriados
Dithmenos
Elyvilon
Fedhas
Gozag
Hepliaklqana
Kikubaaqudgha
Makhleb
Nemelex Xobeh
Okawaru
Qazlal
Ru
Sif Muna
Trog
Uskayaw
Vehumet
Xom
Yredelemnul
Zin
The Shining One
Beogh

Shops:
D:7 (

Annotations:
D:8 4 runed doors, Joseph
Lair:5 Kirke


Innate Abilities, Weirdness & Mutations

You possess an exceptional clarity of mind.


Message History

The hog is severely wounded.
The hog barely misses you.
Your hippogriff zombie closely misses Kirke.
Your hippogriff zombie pecks Kirke.
Your hippogriff zombie closely misses Kirke.
The hog bites your hippogriff zombie.
Kirke completely misses your hippogriff zombie.
You closely miss the hog.
The hog is severely wounded.
The hog bites you.
* * * LOW HITPOINT WARNING * * *
The hog bites your hippogriff zombie!
Your hippogriff zombie misses the hog.
Your hippogriff zombie pecks the hog.
Your hippogriff zombie barely misses the hog.
Kirke hits your hippogriff zombie. The hog bites you!
* * * LOW HITPOINT WARNING * * *
The lindwurm breathes flames at you. The blast of flame hits you!
You die...
Your body rises from the dead as a mindless zombie.

..........................
..........................
...........[..............
P.......P.................
.P....PP#.##.P..#.........
....<.....#..P.+#.....##..
..#....@h.......##....#...
##....Zh......##...P....
.#...#kh......##........
...........+#'####....#...
..#.....#......##....P##..
..........................
..........................
..........................
..........................
.........................
........................


You could see Kirke, a lindwurm, 2 hogs and a friendly hippogriff zombie.

Vanquished Creatures
  Fannar (Lair:2)
  2 ice dragons (IceCv)
  4 hydras
  An unseen horror (D:12)
  Pikel (D:7)
  An orc sorcerer (D:12)
  A hill giant (D:11)
  An orc knight (D:10)
  A cyclops (D:12)
  A manticore (D:11)
  Maurice (D:8)
  2 spiny frogs
  2 ice statues (IceCv)
  A gargoyle (D:12)
  2 rime drakes (IceCv)
  A komodo dragon (Lair:4)
  5 trolls
  A hornet (D:10)
  2 two-headed ogres
  5 blink frogs
  6 hippogriffs
  A vampire (D:12)
  A spriggan (D:9)
  A shadow (D:12)
  A wyvern (D:9)
  Eustachio (D:4)
  2 hungry ghosts
  26 yaks
  2 steam dragons
  Grum (D:8)
  A warg (D:10)
  The ghost of feelmyfire the Conjurer, an amateur DECj (D:4)
  Duvessa (D:6)
  3 porcupines
  6 water moccasins
  Purgy (D:3)
  17 ice beasts
  7 sky beasts
  10 orc warriors
  3 black bears
  2 necrophages
  11 ogres
  2 wolves
  4 centaurs
  7 crocodiles
  2 big kobolds
  10 bullfrogs
  Dowan (D:6)
  4 scorpions
  23 killer bees
  2 wights (D:12)
  3 howler monkeys (D:8)
  5 crimson imps
  3 centaur zombies
  3 hounds
  A jelly (D:12)
  3 bullfrog skeletons
  5 orc wizards
  Crazy Yiuf (D:7)
  8 orc priests
  3 centaur skeletons
  4 iguanas
  10 worker ants
  A killer bee zombie (D:7)
  A big kobold zombie (Ossuary)
  8 mummies (Ossuary)
  4 gnolls (D:5)
  14 adders
  2 shadow imps
  An ooze (D:4)
  3 adder zombies
  3 worms
  9 leopard geckos
  44 orcs
  4 giant cockroaches
  6 goblins
  7 hobgoblins
  9 jackals
  17 kobolds
  6 quokkas
  3 bats
  4 frilled lizards
  3 gnoll zombies (Ossuary)
  3 hobgoblin zombies (Ossuary)
  A kobold zombie (Ossuary)
  A leopard gecko skeleton (D:6)
  A quokka skeleton (D:9)
  A quokka zombie (D:7)
  5 rats
406 creatures vanquished.

Vanquished Creatures (collateral kills)
  A harpy (shapeshifter) (D:11)
  A spiny frog (Lair:3)
  A centaur skeleton (D:11)
  2 rime drakes
  A komodo dragon (Lair:3)
  A polar bear (Lair:2)
  9 blink frogs
  3 hippogriffs
  6 yaks
  5 hogs (Lair:5)
  2 nagas (Lair:2)
  An ice beast (D:9)
  3 orc warriors
  4 porcupines
  A swamp drake (D:11)
  2 phantoms
  3 crocodiles
  5 bullfrogs
  A wight (D:12)
  2 killer bees (D:9)
  2 orc priests
  A hound (D:10)
  An iguana (D:11)
  18 orcs
  2 fungi (Lair:4)
  A plant (Lair:3)
79 creatures vanquished.

Vanquished Creatures (others)
  A hydra zombie (Lair:5)
  4 flying skulls
  3 wraiths
  A slave (D:8)
  2 blink frog zombies (Lair:2)
  A yak zombie (Lair:3)
  2 wights (D:10)
  A centaur zombie (D:10)
  A porcupine zombie (Lair:2)
  2 killer bee zombies (D:12)
  A big kobold zombie (D:9)
  A sky beast zombie (D:10)
  A mummy (D:12)
  2 orc skeletons
  3 kobold zombies (D:9)
  16 orc zombies
  3 fungi
  2 plants
47 creatures vanquished.

Grand Total: 532 creatures vanquished

Notes
Turn   | Place    | Note
-------+----------+-------------------------------------------
     0 | D:1      | Vasilisck the Hill Orc Fighter began the quest for the Orb.
     0 | D:1      | Reached XP level 1. HP: 19/19 MP: 1/1
   624 | D:1      | Reached XP level 2. HP: 27/27 MP: 2/2
   881 | D:2      | Reached XP level 3. HP: 25/33 MP: 3/3
   894 | D:2      | Reached skill level 4 in Fighting
  1288 | D:3      | Found an iron altar of Okawaru.
  1398 | D:3      | Reached XP level 4. HP: 40/40 MP: 4/4
  1803 | D:3      | Noticed Purgy
  1810 | D:3      | Killed Purgy
  1810 | D:3      | Reached XP level 5. HP: 44/47 MP: 5/5
  2150 | D:3      | Found a sacrificial altar of Ru.
  2286 | D:4      | Found a sparkling altar of Nemelex Xobeh.
  2297 | D:4      | Reached skill level 5 in Fighting
  2297 | D:4      | Reached XP level 6. HP: 56/56 MP: 6/6
  2388 | D:4      | Found a sand-covered staircase.
  2404 | Ossuary  | Entered an ossuary
  2439 | Ossuary  | Reached skill level 5 in Armour
  2481 | Ossuary  | Reached skill level 5 in Shields
  2665 | D:4      | Reached XP level 7. HP: 61/61 MP: 7/7
  2719 | D:4      | Noticed feelmyfire's ghost (amateur DECj)
  2733 | D:4      | Killed feelmyfire's ghost
  2790 | D:4      | Found a staircase to the Ecumenical Temple.
  2797 | Temple   | Entered the Ecumenical Temple
  2854 | Temple   | Became a worshipper of Yredelemnul the Dark
  3047 | D:4      | Found a bloodstained altar of Trog.
  3076 | D:4      | Noticed Eustachio
  3092 | D:4      | Killed Eustachio
  3092 | D:4      | Reached skill level 6 in Fighting
  3092 | D:4      | Reached skill level 5 in Polearms
  3092 | D:4      | Reached XP level 8. HP: 65/70 MP: 8/8
  3250 | D:5      | Entered Level 5 of the Dungeon
  3420 | D:5      | Found a hazy altar of Hepliaklqana.
  3518 | D:5      | Reached * piety under Yredelemnul
  3879 | D:5      | Reached skill level 7 in Fighting
  3897 | D:5      | Gained mutation: You possess an exceptional clarity of mind. [mutagenic meat]
  4119 | D:6      | Noticed Duvessa
  4120 | D:6      | Noticed Dowan
  4152 | D:6      | Killed Duvessa
  4152 | D:6      | Reached XP level 9. HP: 79/79 MP: 9/9
  4168 | D:6      | Killed Dowan
  4257 | D:6      | Reached skill level 1 in Invocations
  4351 | D:6      | Found a snail-covered altar of Cheibriados.
  4804 | D:7      | Reached skill level 5 in Invocations
  5142 | D:7      | Reached ** piety under Yredelemnul
  5247 | D:7      | Found Soykkyg's Antique Weapon Shop.
  5439 | D:7      | Found a runed door.
  5519 | D:7      | Found a stormy altar of Qazlal.
  5662 | D:7      | Found a shadowy altar of Dithmenos.
  5770 | D:7      | Noticed Crazy Yiuf
  5778 | D:7      | Killed Crazy Yiuf
  5830 | D:8      | Found an opulent altar of Gozag.
  5830 | D:8      | Noticed Pikel
  5832 | D:8      | Noticed Grum
  6089 | D:7      | Killed Pikel
  6103 | D:8      | Noticed a dagger
  6121 | D:8      | Found a huge runed gate.
  6121 | D:8      | Found a huge runed gate.
  6121 | D:8      | Found a huge runed gate.
  6122 | D:8      | Noticed a manticore
  6122 | D:8      | Noticed Joseph
  6129 | D:8      | Noticed a polar bear
  6129 | D:8      | Noticed a manticore
  6140 | D:8      | Found a glowing silver altar of Zin.
  6141 | D:8      | Found a huge runed gate.
  6143 | D:8      | Noticed a polar bear
  6156 | D:8      | Reached skill level 10 in Invocations
  6156 | D:8      | Reached XP level 10. HP: 85/85 MP: 17/17
  6159 | D:8      | Noticed Maurice
  6195 | D:8      | Killed Maurice
  6323 | D:8      | Killed Grum
  6326 | D:8      | Found a hide-covered altar of Uskayaw.
  6326 | D:8      | Noticed a hand axe
  6887 | D:9      | Reached *** piety under Yredelemnul
  6975 | D:9      | Reached skill level 8 in Fighting
  7220 | D:9      | Found a glowing golden altar of the Shining One.
  7853 | D:9      | Received a gift from Yredelemnul (a wight)
  8130 | D:10     | Entered Level 10 of the Dungeon
  8200 | D:10     | Reached skill level 9 in Fighting
  8200 | D:10     | Reached XP level 11. HP: 67/97 MP: 19/19
  8340 | D:10     | Received a gift from Yredelemnul (a wight)
  8382 | D:10     | Noticed an orc knight
  8408 | D:10     | Killed an orc knight
  9005 | D:11     | Noticed a manticore
  9015 | D:11     | Killed a manticore
  9104 | D:11     | Reached skill level 10 in Fighting
  9110 | D:11     | Reached **** piety under Yredelemnul
  9110 | D:11     | Received a gift from Yredelemnul (a wraith)
  9329 | D:11     | Found a staircase to the Lair.
  9550 | D:11     | Noticed a hill giant
  9558 | D:11     | Killed a hill giant
  9630 | D:11     | Noticed a harpy
  9635 | D:11     | Killed a harpy
  9647 | D:11     | Got a glittering lapis lazuli ring
  9649 | D:11     | Identified the ring of Huoderad {+Inv rPois rF+ Int-5 Stlth+} (You found it on level 11 of the Dungeon)
  9982 | D:12     | Found a roughly hewn altar of Beogh.
  9982 | D:12     | Found a staircase to the Orcish Mines.
 10387 | D:12     | Reached ***** piety under Yredelemnul
 10387 | D:12     | Received a gift from Yredelemnul (a mummy)
 10470 | D:12     | Reached XP level 12. HP: 72/108 MP: 20/20
 10698 | D:12     | Reached skill level 10 in Armour
 11001 | D:12     | Reached skill level 11 in Fighting
 11119 | D:12     | Reached skill level 10 in Shields
 11395 | D:12     | Reached skill level 10 in Polearms
 11561 | D:12     | HP: 5/110 [something (4)]
 12277 | D:12     | Got a smoking scale mail
 12278 | D:12     | Identified the +6 scale mail of the Desolation of Salt {MR+ rCorr} (You found it on level 12 of the Dungeon)
 12584 | D:12     | Noticed a five-headed hydra
 12597 | D:12     | Killed a five-headed hydra
 12823 | Orc:1    | Entered Level 1 of the Orcish Mines
 13234 | D:12     | Received a gift from Yredelemnul (2 flying skulls)
 13777 | Lair:1   | Entered Level 1 of the Lair of Beasts
 14035 | Lair:1   | Received a gift from Yredelemnul (a wraith)
 14805 | Lair:1   | Identified a scroll of acquirement
 14806 | Lair:1   | Got a pair of faintly humming boots
 14817 | Lair:1   | Identified the +0 pair of boots of the Guardian {*Slow +Fly rC+ Dex+4} (You acquired it on level 1 of the Lair of Beasts)
 14971 | Lair:2   | Found a frozen archway.
 14996 | IceCv    | Entered an ice cave
 15249 | IceCv    | Reached skill level 12 in Fighting
 15937 | IceCv    | Noticed an ice dragon
 15938 | IceCv    | Noticed an ice dragon
 15971 | IceCv    | Got a transparent silver ring
 15974 | IceCv    | HP: 5/112 [ice dragon (10)]
 15981 | IceCv    | Identified the ring of Absolutism {Ice Str+4} (You found it in an ice cave)
 16532 | IceCv    | Killed an ice dragon
 16532 | IceCv    | Reached XP level 13. HP: 22/118 MP: 21/21
 16720 | IceCv    | Killed an ice dragon
 16885 | Lair:2   | Noticed Fannar
 16921 | Lair:2   | Killed Fannar
 16968 | Lair:2   | Received a gift from Yredelemnul (2 flying skulls)
 16974 | Lair:2   | Found a staircase to the Snake Pit.
 17526 | Lair:2   | Received a gift from Yredelemnul (a wraith)
 17921 | Lair:3   | Found a staircase to the Swamp.
 19008 | Lair:4   | Reached skill level 13 in Fighting
 19867 | Lair:5   | Noticed Kirke
 19906 | Lair:5   | Killed from afar by a lindwurm

Skill      XL: |  1  2  3  4  5  6  7  8  9 10 11 12 13 |
---------------+----------------------------------------+-----
Fighting       | 4 5 6 7 9 10 12 13 | 13.2
Shields        | 4 5 6 8 9 11 | 11.9
Armour         | 4 5 6 7 8 9 11 12 | 12.1
Polearms       | 3 4 5 6 8 9 11 12 | 12.1
Invocations    | 10 11 | 11.1

Action                   |  1- 3 |  4- 6 |  7- 9 | 10-12 | 13-15 || total
-------------------------+-------+-------+-------+-------+-------++-------
Melee: Trident           |   110 |   145 |   485 |   517 |       ||  1257
       Spear             |       |       |       |  1336 |   680 ||  2016
       Unarmed           |       |       |       |       |     6 ||     6
Invok: Animate Dead      |       |       |       |    16 |     7 ||    23
       Recall Undead Sla |       |       |       |     1 |     3 ||     4
       Enslave Soul      |       |       |       |     2 |       ||     2
Evoke: Wand              |       |       |     1 |     5 |     5 ||    11
  Use: Potion            |       |     4 |     4 |    14 |       ||    22
       Scroll            |       |    12 |     9 |    21 |       ||    42
 Stab: Distracted        |       |       |       |     6 |     6 ||    12
       Confused          |       |       |       |     2 |       ||     2
  Eat: Chunk             |     2 |     4 |     6 |     7 |     5 ||    24
       Pizza             |       |       |     2 |     1 |       ||     3
       Bread ration      |       |       |     1 |     7 |       ||     8
       Beef jerky        |       |       |     1 |     1 |     1 ||     3
       Meat ration       |       |       |       |     1 |       ||     1
       Royal jelly       |       |       |       |     1 |     2 ||     3
       Fruit             |       |       |       |       |     2 ||     2
Armor: Scale mail        |    28 |     4 |       |   202 |   188 ||   422
       Plate armour      |       |   107 |   232 |   539 |       ||   878
       Skin              |       |     2 |    13 |       |       ||    15
Dodge: Dodged            |    26 |    23 |    76 |   269 |   118 ||   512
Block: Shield            |    57 |    88 |   241 |   916 |   397 ||  1699
